 Dungeon Crawl Stone Soup version 0.31-a0-675-g238779eb0a (webtiles) character file.

Game seed: 14725101508161394305

33 Gargoyl the Trooper (level 3, -4/24 HPs)
             Began as a Gargoyle Berserker on Sept 5, 2023.
             Was a Follower of Trog.
             Slain by a worm (7 damage)
             ... on level 2 of the Dungeon.
             The game lasted 00:01:06 (326 turns).

Gargoyl the Trooper (Gargoyle Berserker)             Turns: 326, Time: 00:01:06

Health: -4/24      AC:  5    Str: 20    XL:     3   Next: 29%
Magic:  3/3        EV: 12    Int:  7    God:    Trog [*.....]
Gold:   0          SH:  0    Dex: 11    Spells: 2/2 levels left

rFire   . . .        a - +0 hand axe
rCold   . . .        (no shield)
rNeg    + . .        b - +0 animal skin
rPois   ∞            (no helmet)
rElec   +            (no cloak)
rCorr   .            (no gloves)
SInv    .            (no boots)
Will    +....        (no amulet)
Stlth   +            (no ring)
HPRegen 0.24/turn    (no ring)
MPRegen 0.08/turn

%: no passive effects
@: on berserk cooldown, enlightened, flying, slowed, very slow
A: sickness immunity, AC +3, negative energy resistance 1, electricity
resistance, torment resistance 1, petrification resistance
a: Renounce Religion, Berserk


You were on level 2 of the Dungeon.
You worshipped Trog.
Trog was aware of your devotion.
You visited 1 branch of the dungeon, and saw 2 of its levels.

Inventory:

Hand Weapons
 a - a +0 hand axe (weapon)
Armour
 b - a +0 animal skin (worn)
Scrolls
 c - a scroll of immolation {unknown}
 d - a scroll of poison {unknown}
 e - 3 scrolls of identify {unknown}
 f - a scroll of vulnerability {unknown}


   Skills:
 + Level 3.6 Fighting
 + Level 3.5 Axes
 + Level 2.4 Armour
 + Level 1.5 Dodging


You had 2 spell levels left.
You didn't know any spells.
Your spell library was empty.

Dungeon Overview and Level Annotations

Branches:
Dungeon (1/15)

Altars:


Innate Abilities, Weirdness & Mutations

You are immune to sickness and miasma.
Your stone body is resilient. (AC +3)
You are immune to poison.
You resist negative energy. (rN+)
You are resistant to electric shocks. (rElec)
You are resistant to unholy torment.
You are immune to petrification.


Message History

The jackal closely misses you.
The jackal bites you but does no damage.
The jackal closely misses you.
Unknown command.
You hit the jackal.
The jackal is almost dead.
You hit the jackal but do no damage. The jackal bites you.
* * * LOW HITPOINT WARNING * * *
The jackal closely misses you.
The jackal bites you but does no damage. x3
Unknown command.
It was a potion of magic.
Magic courses through your body.
The jackal bites you but does no damage.
The jackal barely misses you. The jackal misses you.
The jackal bites you but does no damage. x3
Unknown command.
You hit the jackal.
You kill the jackal!
Trog accepts your kill.
You hit the jackal but do no damage. x2
The jackal bites you but does no damage. x3
Unknown command.
Okay, then.
Unknown command.
You hit the jackal.
You kill the jackal!
Trog accepts your kill.
You hit the worm.
Unknown command.
You hit the jackal but do no damage.
The jackal is heavily wounded.
You hit the worm. The jackal closely misses you. The jackal misses you.
The worm bites you.
* * * LOW HITPOINT WARNING * * *
The jackal closely misses you.
Unknown command.
You closely miss the jackal.
The jackal is heavily wounded.
You hit the worm. The jackal misses you. The worm bites you!
You die...

#..###.#..####.#####.#
##...#.#..# #........#
####.#.#..###........#
..##.....#......))...#
..###......###......####
..# #...................
... ....................
..# .......###.†....#...
..#.#.......#..#@.......
....#..####....wh#......
........ .......#....###
###... !#.#... ..###
......w ....... ...
...... ......# ....
...... . ...... <....
.##.# .# #..##. ......
..#.#..#


You could see a worm and a jackal.

Vanquished Creatures
  2 adders (D:2)
  A bat (D:2)
  An endoplasm (D:2)
  2 giant cockroaches
  2 goblins (D:2)
  2 jackals (D:2)
  A frilled lizard (D:1)
  3 kobolds
  A rat (D:2)
15 creatures vanquished.

Notes
Turn   | Place    | Note
-------+----------+-------------------------------------------
     0 | D:1      | Gargoyl the Gargoyle Berserker began the quest for the Orb.
     0 | D:1      | Reached XP level 1. HP: 14/14 MP: 1/1
   102 | D:1      | You fall into a shaft and drop 1 floor!
   192 | D:2      | Reached XP level 2. HP: 15/19 MP: 2/2
   309 | D:2      | Reached XP level 3. HP: 12/23 MP: 3/3
   326 | D:2      | Slain by a worm

Illustrated notes

Levels and vault maps discovered:
D:1:      minmay_arrival_wavy_path, layout_basic
D:2:      layout_rooms

Skill      XL: |  1  2 |
---------------+-------+-----
Axes           | 3 |  3.5
Fighting       | |  3.6
Armour         | |  2.4
Dodging        | |  1.5

Action                     || total
---------------------------++-------
  Melee: Hand axe          ||    62
 Invoke: Berserk           ||     2
    Use: Potion            ||     2
 Armour: Animal skin       ||    66
  Dodge: Dodged            ||    47

Table legend: (Time is in decaauts)
 A = Elapsed time spent in this place.
 B = Non-inter-level travel time spent in this place.
 C = Inter-level travel time spent in this place.
 D = Time resting spent in this place.
 E = Time spent auto-exploring this place.
 F = Levels seen in this place.
 G = Mean time per level.
                   A        B        C        D        E       F      G
               +--------+--------+--------+--------+--------+-----+--------+
         Total |    349 |    349 |      0 |      0 |    171 |   2 |  174.5 |
       Dungeon |    349 |    349 |      0 |      0 |    171 |   2 |  174.5 |
               +--------+--------+--------+--------+--------+-----+--------+

Top non-repeatable levels by time:
     D:2: 245 daAuts
     D:1: 103 daAuts
